 Dungeon Crawl Stone Soup version 0.17.0-28-g6e173f8 (webtiles) character file.

63 lucasterio the Insei (level 4, -1/44 HPs)
             Began as a Naga Monk on Dec 1, 2015.
             Slain by Terence
             ... wielding a +0 falchion
              (8 damage)
             ... on level 2 of the Dungeon.
             The game lasted 00:07:16 (2556 turns).

lucasterio the Insei (Naga Monk)                    Turns: 2556, Time: 00:07:16

Health: -1/44      AC:  4    Str: 14    XL:     4   Next: 9%
Magic:  4/4        EV:  8    Int: 10    God:
Gold:   132        SH:  0    Dex: 14    Spells: 0 memorised, 3 levels left

rFire  . . .     SeeInvis +       - Unarmed
rCold  . . .     Clarity  .     j - +0 scale mail
rNeg   . . .     SustAt   .     (no shield)
rPois  +         Gourm    .     (no helmet)
rElec  .         Spirit   .     (no cloak)
rCorr  .         Warding  .     (no gloves)
rMut   .         Stasis   .     (no barding)
MR     .....                    (no amulet)
Stlth  +.........               (no ring)
                                (no ring)

@: very slow, not resistant to hostile enchantments, very unstealthy
A: see invisible, deformed body, poison resistance, slowness 2, slow metabolism
1, spit poison 2, AC +1
a: Spit Poison


You were on level 2 of the Dungeon.
You were not hungry.

You visited 1 branch of the dungeon, and saw 3 of its levels.

You collected 132 gold pieces.

Inventory:

Hand Weapons
 e - a cursed -1 dagger
Missiles
 h - 10 tomahawks (quivered)
Armour
 a - a +0 robe
 j - a +0 scale mail (worn)
Scrolls
 d - 2 scrolls of fog {unknown}
 g - 2 scrolls of immolation {unknown}
 o - a scroll of magic mapping {unknown}
Potions
 f - 2 potions of curing {unknown}
 i - 2 potions of brilliance {unknown}
 l - a potion of poison {unknown}
 m - a potion of cure mutation {unknown}
 n - a potion of cancellation {unknown}
Comestibles
 b - 2 bread rations
 c - 3 meat rations


   Skills:
 + Level 3.8 Fighting
 - Level 2.4 Dodging
 - Level 3.0 Stealth
 * Level 4.9 Unarmed Combat


You had 3 spell levels left.
You didn't know any spells.

Dungeon Overview and Level Annotations

Branches:
Dungeon (3/15)

Altars:
The Shining One

Annotations:
D:2 Terence


Innate Abilities, Weirdness & Mutations

You cannot wear boots.
Your serpentine skin is tough (AC +1).
You have supernaturally acute eyesight.
Armour fits poorly on your strangely shaped body.
Your system is resistant to poisons.
You cover ground very slowly.
You have a slow metabolism.
You can spit poison.


Message History

Terence is severely wounded.
Terence barely misses you.
You closely miss Terence.
Terence is severely wounded.
Terence hits you with a falchion.
* * * LOW HITPOINT WARNING * * *
You hit Terence but do no damage.
Terence is severely wounded.
Terence hits you with a falchion.
* * * LOW HITPOINT WARNING * * *
You hit Terence but do no damage.
Terence is severely wounded.
Terence hits you with a falchion.
* * * LOW HITPOINT WARNING * * *
You hit Terence but do no damage.
Terence is severely wounded.
You hit Terence but do no damage.
Terence is severely wounded.
Terence hits you with a falchion!
You die...

..<.........##>...#.......# #.#
##...#####.####...#.#.....# #.#
#...# #.##.....#.####### #.#
#...# #.##.##....# #.# #...#
#.##.##.#### #.# #...#
#(......########## #.# ##...###
####.#...........# #.# .......#
#.#.####.####.###.# .##.##.#
##..@@.##.#........#
.......#####....#......##.#####
.#...........#..####.####.#
.#...#.#####....####.####.#
.....#.# ##.#...........#
.......# #.#############
.......# #.# ###.#### #.##
###.### #..#


You could see Terence.

Vanquished Creatures
  2 adders (D:2)
  An ooze (D:2)
  A worm (D:2)
  2 giant cockroaches (D:1)
  6 goblins (D:1)
  5 hobgoblins
  7 kobolds
  2 bats (D:1)
  A giant gecko (D:1)
  2 giant newts (D:1)
  10 rats
39 creatures vanquished.

Notes
Turn   | Place    | Note
--------------------------------------------------------------
     0 | D:1      | lucasterio the Naga Monk began the quest for the Orb.
     0 | D:1      | Reached XP level 1. HP: 21/21 MP: 1/1
   312 | D:1      | Reached XP level 2. HP: 10/28 MP: 2/2
  1171 | D:1      | Reached XP level 3. HP: 34/34 MP: 3/3
  2205 | D:2      | Found a glowing golden altar of the Shining One.
  2399 | D:2      | Reached XP level 4. HP: 41/44 MP: 4/4
  2516 | D:3      | Noticed Terence
  2556 | D:2      | Slain by Terence

Action                   |  1- 3 |  4- 6 || total
-------------------------+-------+-------++-------
Melee: Unarmed           |   149 |    31 ||   180
 Abil: Spit Poison       |     2 |     4 ||     6
 Stab: Sleeping          |     3 |       ||     3
  Eat: Chunk             |     3 |     1 ||     4
